AoeStats
← maltax3

Arena

510225536Analyzed
4v4 RM · 2d ago on Sep 30, 2026· 72m 39s· 8 players
Game mode
Random Map
Map size
Large (8 player)
Population
200
Speed
Normal
Resources
Standard
Victory
Conquest
Starting age
Dark Age
Ending age
Imperial Age
RankedLock teamsTeams togetherTeam positionsShared explorationLock speedFull tech treeHidden civsTurbo modeCheats
Victory
Defeat
🇨🇱 Mapuche · Chile
1023
+15
🇨🇱 Franks · Chile
991
+17
🇨🇱 Huns · Chile
987
+17
🇦🇷 Turks · Argentina
969
+18
🇫🇷 Saracens · France
1121
-22
🇺🇸 Hindustanis · United States
1016
-17
🇺🇸 Wu · United States
968
-15
🇫🇷 Byzantines · France
925
-13
Keikz
7:43 Loom
11:38 Feudal Age
15:28 Castle Age
13:47 Stone Mining
14:54 Horse Collar
15:00 Double-Bit Axe
20:56 Fletching
21:07 Padded Archer Armor
22:21 Wheelbarrow
23:19 Heavy Plow
23:32 Bow Saw
23:13 Town Watch
25:25 Sipahi
25:33 Thumb Ring
25:33 Gold Mining
25:54 Bodkin Arrow
26:15 Leather Archer Armor
30:01 Imperial Age
30:46 Ballistics
30:43 Leather Archer Armor
30:43 Bloodlines
30:34 Husbandry
31:12 Hand Cart
31:40 Parthian Tactics
33:43 Two-Man Saw
34:07 Fortified Wall
34:39 Bracer
35:09 Ring Archer Armor
35:09 Heavy Cavalry Archer
38:03 Artillery
40:39 Murder Holes
41:05 Bombard Tower
44:58 Heavy Camel Rider
45:53 Forging
45:48 Scale Barding Armor
67:49 Iron Casting
67:34 Chain Barding Armor
69:35 Blast Furnace
68:39 Treadmill Crane
71:50 Plate Barding Armor
Hinokami
11:32 Feudal Age
10:29 Loom
12:16 Feudal Age
13:10 Double-Bit Axe
13:08 Horse Collar
15:30 Gold Mining
18:32 Castle Age
17:57 Fletching
18:08 Padded Archer Armor
18:59 Wheelbarrow
19:51 Bow Saw
26:00 Bodkin Arrow
26:21 Leather Archer Armor
26:27 Heavy Plow
28:07 Ballistics
28:12 Elite Skirmisher
30:42 Pikeman
31:37 Forging
31:27 Town Watch
31:58 Hand Cart
35:34 Imperial Age
37:04 Gold Shaft Mining
37:50 Chemistry
36:57 Siege Engineers
36:33 Treadmill Crane
36:58 Town Patrol
37:33 Crop Rotation
37:05 Capped Ram
39:04 Ring Archer Armor
39:09 Iron Casting
37:56 Halberdier
38:22 Arson
40:00 Butalmapu
40:19 Conscription
39:59 Elite Bolas Rider
42:16 Blast Furnace
41:17 Scale Mail Armor
43:38 Malon
45:22 Chain Mail Armor
46:16 Siege Engineers
47:14 Champi Runner
49:24 Stone Mining
51:55 Plate Mail Armor
57:33 Elite Kona
67:12 Murder Holes
67:28 Masonry
maltax3
11:20 Feudal Age
12:11 Double-Bit Axe
18:45 Castle Age
16:52 Gold Mining
19:42 Wheelbarrow
19:48 Husbandry
21:18 Forging
21:50 Bow Saw
23:26 Loom
26:12 Hand Cart
29:21 Imperial Age
27:15 Hand Cart
28:00 Squires
27:22 Pikeman
31:36 Halberdier
32:02 Gambesons
31:42 Cavalier
33:26 Chemistry
32:33 Siege Engineers
34:59 Scale Barding Armor
35:31 Iron Casting
34:57 Scale Mail Armor
35:23 Stone Mining
36:35 Masonry
36:38 Fortified Wall
36:08 Treadmill Crane
37:54 Caravan
40:20 Gold Shaft Mining
41:16 Blast Furnace
40:37 Chain Barding Armor
40:32 Chain Mail Armor
40:09 Fletching
40:52 Chivalry
41:13 Conscription
44:44 Paladin
51:20 Ballistics
53:33 Plate Mail Armor
53:39 Plate Barding Armor
53:05 Padded Archer Armor
53:01 Bodkin Arrow
60:40 Light Cavalry
61:48 Arson
Kenmarks
12:24 Feudal Age
14:00 Horse Collar
16:43 Castle Age
15:19 Double-Bit Axe
15:49 Forging
15:45 Scale Barding Armor
15:35 Gold Mining
17:57 Bow Saw
18:29 Bloodlines
24:50 Iron Casting
26:17 Chain Barding Armor
26:19 Fletching
28:26 Heavy Plow
28:43 Husbandry
28:55 Bodkin Arrow
29:01 Padded Archer Armor
32:01 Ballistics
33:03 Elite Skirmisher
33:49 Thumb Ring
34:01 Leather Archer Armor
34:31 Gold Shaft Mining
34:34 Stone Mining
35:37 Wheelbarrow
38:47 Imperial Age
36:37 Scale Mail Armor
36:01 Pikeman
36:42 Squires
36:27 Arson
38:06 Hand Cart
37:40 Town Watch
37:42 Loom
39:08 Chain Mail Armor
39:17 Halberdier
40:42 Bracer
41:18 Plate Barding Armor
41:44 Blast Furnace
41:56 Two-Man Saw
42:32 Chemistry
41:23 Cavalier
43:04 Paladin
BLOO
5:07 Loom
11:09 Feudal Age
13:55 Double-Bit Axe
13:53 Horse Collar
16:37 Castle Age
16:27 Gold Mining
19:20 Bow Saw
20:37 Fletching
24:01 Bodkin Arrow
25:14 Bloodlines
26:47 Husbandry
27:47 Wheelbarrow
27:33 Padded Archer Armor
28:24 Ballistics
29:50 Gold Shaft Mining
29:33 Leather Archer Armor
30:07 Hand Cart
29:45 Stone Mining
30:11 Thumb Ring
30:42 Scale Barding Armor
30:46 Grand Trunk Road
30:16 Light Cavalry
35:12 Imperial Age
33:34 Chain Barding Armor
33:25 Forging
34:34 Fortified Wall
37:14 Two-Man Saw
36:17 Heavy Plow
35:40 Heavy Cavalry Archer
36:24 Bracer
38:36 Chemistry
38:42 Caravan
39:56 Siege Engineers
40:48 Plate Barding Armor
40:37 Conscription
41:41 Ring Archer Armor
43:59 Iron Casting
44:42 Shatagni
44:43 Heavy Camel Rider
46:00 Town Watch
47:20 Masonry
57:57 Elite Skirmisher
61:44 Guard Tower
Surfer's Gambit
0:30 Loom
13:06 Feudal Age
13:34 Horse Collar
13:41 Double-Bit Axe
15:08 Wheelbarrow
14:19 Town Watch
14:49 Gold Mining
19:22 Castle Age
17:36 Scale Mail Armor
18:24 Arson
19:19 Forging
20:48 Hand Cart
20:58 Squires
21:32 Pikeman
27:20 Stone Mining
27:42 Bow Saw
27:33 Heavy Plow
27:54 Fletching
28:04 Padded Archer Armor
28:11 Padded Archer Armor
29:11 Stone Shaft Mining
29:31 Leather Archer Armor
35:44 Gold Shaft Mining
35:48 Red Cliffs Tactics
38:07 Leather Archer Armor
37:48 Bodkin Arrow
43:32 Imperial Age
Suko
11:38 Feudal Age
12:39 Double-Bit Axe
19:38 Castle Age
17:26 Horse Collar
22:29 Scale Barding Armor
23:36 Wheelbarrow
25:06 Heavy Plow
25:49 Bow Saw
26:36 Forging
27:59 Chain Barding Armor
28:27 Pikeman
31:03 Iron Casting
31:45 Hand Cart
36:27 Imperial Age
33:42 Loom
34:44 Elite Skirmisher
35:30 Thumb Ring
35:44 Scale Mail Armor
35:45 Padded Archer Armor
35:35 Fletching
38:41 Leather Archer Armor
40:14 Conscription
40:45 Plate Barding Armor
39:50 Heavy Camel Rider
45:11 Caravan
45:45 Light Cavalry
47:09 Crop Rotation
52:11 Bodkin Arrow
53:47 Bracer
54:18 Ring Archer Armor
54:46 Guilds
68:35 Treadmill Crane
69:07 Fortified Wall
jawsy_
9:29 Loom
11:14 Feudal Age
15:21 Castle Age
13:19 Double-Bit Axe
13:16 Horse Collar
17:00 Bow Saw
16:52 Heavy Plow
18:03 Wheelbarrow
19:47 Gold Mining
22:40 Bloodlines
22:46 Scale Barding Armor
22:59 Scale Mail Armor
23:09 Forging
24:20 Chain Barding Armor
26:16 Husbandry
29:11 Gold Shaft Mining
33:22 Imperial Age
31:26 Stone Mining
34:26 Iron Casting
34:12 Light Cavalry
35:33 Plate Barding Armor
35:20 Hussar
35:31 Elite Mameluke
40:00 Blast Furnace
38:51 Fletching
39:02 Padded Archer Armor
40:53 Conscription
45:02 Chemistry
44:22 Ballistics
Connection lost

Rejoining the realm…

Still unreachable

The connection could not be restored.

Session expired

The server has moved on; the page needs a fresh start.